cohdb
Replays
Latest Replays
All Replays
Popular Replays
Top Player Replays
Match Explorer
How It Works
Community
CoH3 Stats
Reddit
Sign in to upload your games and track your stats! →
Sign in with Steam
Match 43378788
Unlisted
Match 43378788
Overview
Messages
Build Orders
End
Construct Infanterie Kompanie
Selects Terror Battlegroup
Selects Machine Gun Camouflage
Grenadier Squad
MG 42 Machine Gun Team
Grenadier Squad
GrW 34 Mortar Team
Selects Contempt for the Weak
Sniper
Infanterie Officer Quarters
Pioneer Squad
Construct Panzergrenadier Kompanie
Forward Retreat Point
Medical Bunker
Pak 40 Anti-tank Gun Team
Panzergrenadier Squad
Support Elements
StuG III G Assault Gun
Selects No Quarter
StuG III G Assault Gun
Side Skirts
Panzergrenadier Officer Quarters
Selects Propaganda Leaflet Drop
Propaganda Leaflet Drop
ApexPredator
deecat
Illusory
Maxibon
Sloan Kettering
ItsBrettos
vonAJ
Racbear
0
0
Comments
sign in to comment!
No comments posted yet!